Map: Blackpink LE

Players

Seamonsta

  • Race: Zerg Zerg
  • League: Diamond
  • Spawn Location: 1:00

YoYo - Winner!

  • Race: Terran Terran
  • League: Diamond
  • Spawn Location: 7:00

VOD

Have the link to the VOD?

Description

Time

  • Played on: Feb. 20, 2018, 4:06 p.m.
  • Length: 12:41
Show
View Real Time Build Order
Export as new Build Order

Seamonsta Zerg 

Build Orders: Hatch First 

Get SALT Encoding   

  12  0:01  Drone  
  13  0:12  Overlord  
  13  0:17  Drone  
  14  0:30  Drone x2  
  14  0:34  Drone  
  17  0:54  Hatchery  
  17  0:55  Drone  
  17  0:59  Drone  
  18  1:10  Extractor  
  17  1:14  Spawning Pool  
  17  1:17  Drone  
  17  1:20  Drone  
  18  1:27  Overlord  
  18  1:38  Drone  
  19  2:00  Queen  
  21  2:02  Zergling x4  
  21  2:05  Queen  
  21  2:06  Zergling x2  
  26  2:13  Metabolic Boost  
  26  2:14  Drone  
  27  2:17  Drone  
  27  2:21  Drone  
  29  2:27  Drone  
  30  2:32  Zergling x2  
  31  2:37  Queen  
  31  2:40  Drone  
  31  2:42  Overlord  
  34  2:51  Evolution Chamber  
  34  2:54  Zergling x4  
  35  3:02  Drone  
  36  3:10  Zergling x4  
  36  3:11  Overlord  
  36  3:12  Overlord  
  38  3:13  Drone  
  39  3:24  Zergling x6  
  42  3:27  Zerg Melee Weapons Level 1  
  42  3:49  Drone  
  42  3:51  Baneling Nest  
  42  3:52  Hatchery  
  37  4:05  Drone x2  
  39  4:12  Spore Crawler  
  39  4:13  Spore Crawler  
  37  4:21  Zergling x2  
  37  4:22  Zergling x12  
  37  4:23  Drone  
  45  4:31  Pneumatized Carapace  
  43  4:39  Drone  
  43  4:40  Drone, Overlord  
  43  4:41  Drone  
  43  4:42  Drone  
  43  4:44  Drone  
  46  4:53  Drone  
  46  4:55  Baneling  
  46  4:56  Baneling x2  
  46  4:58  Lair  
  45  5:01  Extractor  
  45  5:02  Drone  
  45  5:04  Drone, Extractor  
  45  5:18  Queen  
  47  5:35  Drone  
  47  5:36  Drone  
  47  5:37  Baneling x2  
  47  5:38  Drone x2  
  51  5:45  Drone x4  
  55  5:50  Drone  
  55  5:51  Drone  
  55  5:55  Baneling x4, Spine Crawler, Drone x2  
  58  6:00  Overseer  
  58  6:07  Queen x2  
  60  6:17  Drone x2  
  62  6:19  Overlord x2  
  62  6:23  Drone x2  
  62  6:25  Zergling x6  
  67  6:31  Hydralisk Den  
  66  6:39  Overseer  
  64  6:41  Drone x2  
  64  6:42  Queen  
  68  6:56  Zergling x2  
  68  6:57  Zergling x14  
  75  7:15  Zergling x10  
  75  7:16  Zergling x6  
  75  7:20  Drone  
  67  7:38  Drone  
  68  7:55  Drone x2  
  70  8:07  Drone  
  71  8:13  Drone  
  71  8:14  Hatchery  
  71  8:17  Drone x2  
  71  8:19  Drone x2  
  75  8:30  Muscular Augments  
  75  8:31  Centrifical Hooks  
  75  8:32  Hydralisk x7  
  90  8:34  Zergling x2  
  90  8:36  Overlord x3  
  90  8:45  Baneling x10  
  90  8:47  Overlord  
  90  8:48  Overlord  
  88  8:49  Overseer  
  88  9:00  Extractor  
  87  9:04  Spine Crawler  
  87  9:05  Overseer  
  87  9:06  Spore Crawler  
  87  9:09  Extractor  
  84  9:10  Extractor  
  84  9:13  Zergling x2  
  84  9:14  Zergling x18  
  84  9:16  Baneling  
  84  9:17  Baneling x10, Drone  
  93  9:18  Hydralisk  
  96  9:25  Drone  
  96  9:28  Drone x2  
  96  9:31  Drone x2  
  101  9:32  Drone  
  101  9:33  Drone  
  103  9:40  Overlord x2  
  103  9:42  Grooved Spines  
  96  10:13  Hydralisk  
  96  10:14  Hydralisk x10  
  95  10:31  Zergling x2  
  95  10:32  Zergling x18  
  95  10:37  Spire  
  95  10:41  Drone x2  
  96  10:43  Hydralisk x2  
  96  10:47  Queen x3  
  96  10:48  Drone  
  107  10:52  Overseer  
  107  10:59  Drone x2  
  109  11:05  Drone x3  
  109  11:07  Drone x3  
  115  11:15  Drone  
  115  11:17  Hydralisk  
  115  11:18  Hydralisk x4  
  124  11:21  Drone x3  
  80  11:48  Mutalisk x5  
  91  11:59  Mutalisk  
  89  12:09  Overlord x2, Overseer  
Show
View Real Time Build Order
Export as new Build Order

YoYo Terran - Winner!

Build Orders: Reaper Expand, Hellion Banshee, Mech 

Get SALT Encoding   

  12  0:01  SCV  
  13  0:13  SCV  
  14  0:18  Supply Depot  
  14  0:25  SCV  
  15  0:29  Refinery  
  15  0:40  SCV  
  16  0:48  Barracks  
  16  0:53  SCV  
  17  1:05  SCV  
  18  1:17  SCV  
  19  1:36  Orbital Command  
  19  1:37  Reaper  
  20  1:47  Command Center  
  20  1:59  Factory  
  20  2:02  SCV  
  21  2:10  Barracks Reactor  
  21  2:14  SCV  
  22  2:23  Supply Depot  
  22  2:26  SCV  
  22  2:28  Refinery  
  22  2:38  SCV  
  23  2:54  Starport  
  23  2:57  Hellion x2  
  27  2:59  Orbital Command  
  26  3:11  Barracks Tech Lab  
  26  3:17  SCV  
  27  3:22  Hellion x2  
  31  3:29  SCV  
  31  3:31  SCV  
  33  3:43  SCV x2  
  35  3:55  SCV  
  36  3:56  Command Center  
  38  4:02  Hellion  
  38  4:03  Hellion  
  38  4:05  SCV  
  38  4:07  Cloaking Field, SCV  
  40  4:15  Supply Depot  
  40  4:20  SCV  
  45  4:24  Hellion x2  
  43  4:32  Banshee  
  43  4:37  SCV x2  
  48  4:39  Supply Depot  
  48  4:49  SCV x2  
  47  5:01  Supply Depot, SCV x2  
  47  5:04  Marine  
  50  5:09  Orbital Command  
  50  5:11  Armory  
  50  5:13  SCV x2  
  50  5:14  Refinery, Armory  
  52  5:15  Refinery  
  52  5:22  Banshee  
  52  5:25  SCV x2  
  57  5:31  Hellion  
  57  5:32  Hellion  
  61  5:38  SCV x2  
  61  5:39  SCV  
  64  5:50  SCV x2  
  64  5:51  SCV  
  67  5:58  Supply Depot  
  67  6:00  Hellion x2, Orbital Command  
  67  6:01  Terran Vehicle And Ship Armor Level 1, Terran Vehicle Weapons Level 1  
  67  6:02  SCV  
  72  6:04  Barracks Tech Lab  
  72  6:06  Factory  
  72  6:07  Factory  
  72  6:10  SCV  
  73  6:14  SCV  
  74  6:22  SCV  
  74  6:23  Hellion x2  
  79  6:26  SCV  
  79  6:28  SCV  
  81  6:34  Supply Depot, SCV  
  81  6:37  Starport Reactor  
  74  6:40  SCV x2  
  74  6:46  SCV  
  77  6:58  Factory  
  77  6:59  SCV  
  77  7:00  Factory, SCV  
  79  7:02  SCV  
  80  7:13  SCV x2  
  80  7:14  SCV  
  81  7:25  SCV x2  
  81  7:26  SCV  
  64  7:37  Hellion x2  
  64  7:40  Siege Tank  
  64  7:41  Siege Tank  
  72  7:48  Factory Tech Lab, Refinery, SCV x2  
  72  7:49  Viking x2, Refinery  
  72  7:50  Factory Tech Lab  
  78  7:56  Command Center  
  78  7:58  Hellion  
  78  7:59  Supply Depot  
  78  8:02  Supply Depot  
  78  8:05  SCV x3  
  79  8:10  Terran Vehicle Weapons Level 2  
  79  8:11  Terran Vehicle And Ship Armor Level 2  
  80  8:13  Siege Tank  
  80  8:14  Siege Tank  
  80  8:16  Siege Tank  
  89  8:28  Supply Depot  
  89  8:35  Siege Tank  
  89  8:36  Hellion x2  
  89  8:37  Viking x2  
  100  8:43  Engineering Bay  
  100  8:44  Supply Depot  
  100  8:45  Siege Tank  
  100  8:46  Hellion  
  105  8:53  Supply Depot  
  105  8:58  Siege Tank  
  105  8:59  Hellion x2  
  112  9:07  Hellion  
  114  9:15  Siege Tank  
  117  9:19  Supply Depot  
  117  9:31  SCV x2  
  117  9:32  SCV  
  117  9:36  Supply Depot  
  117  9:37  Supply Depot  
  120  9:43  SCV, Siege Tank x2  
  120  9:44  Hellion  
  127  10:00  Hellion x3  
  127  10:06  Hellion  
  124  10:15  Hellion  
  124  10:17  Factory  
  124  10:18  Factory x2  
  104  10:36  Factory  
  104  10:40  Planetary Fortress  
  104  10:42  Missile Turret  
  104  10:48  Refinery x2  
  104  10:55  Hellion x6  
  116  11:00  Viking x2  
  120  11:07  Missile Turret  
  120  11:13  SCV x2  
  120  11:16  Hellion  
  124  11:19  Missile Turret  
  124  11:29  Siege Tank x3  
  124  11:30  Hellion x2, Siege Tank  
  137  11:43  Hellion x3  
  137  11:45  Viking x2  
  143  11:52  Hellion  
  147  12:01  Siege Tank  
  147  12:02  Hellion x3  
  147  12:06  Factory Tech Lab x2  
  147  12:07  Factory Tech Lab  
  154  12:12  Command Center  
Tags
 
Add a new tag
Caveats
  • Supply blocks, unpowered buildings, or Contaminate may cause inaccurate times.
  • Supply counts are checked every 10 seconds.